 Dungeon Crawl Stone Soup version 0.30-a0-845-g7c6808c8ce (webtiles) character file.

Game seed: 6004415658999538509

104470 Dittersdorf the Warrior (level 16, -32/110 HPs)
             Began as a Gargoyle Fighter on Mar 2, 2023.
             Was a High Priest of Okawaru.
             Annihilated by a titanic slime creature (54 damage)
             ... summoned by a boggart
             ... on level 13 of the Dungeon.
             The game lasted 00:47:45 (26638 turns).

Dittersdorf the Warrior (Gargoyle Fighter)         Turns: 26638, Time: 00:47:46

Health: -32/110    AC: 44    Str: 28    XL:     16   Next: 38%
Magic:  25/25      EV:  6    Int:  9    God:    Okawaru [*****.]
Gold:   1545       SH: 20    Dex:  9    Spells: 15/15 levels left

rFire   + + +      SeeInvis .    B - +2 morningstar (elec)
rCold   + + .      Faith    .    C - +7 kite shield of the Durable Slorg {rF+}
rNeg    + + .      Spirit   .    H - +1 gold dragon scales
rPois   ∞          Reflect  .    c - +1 hat
rElec   +          Rampage  .    x - scarf {rC+ rF+}
rCorr   .                        K - +0 pair of gloves of the Eight Boll Weevils {rF+ Will+ MP+9 Stlth+}
Will    ++...                    a - +0 pair of boots Stlth
                                 y - amulet of the acrobat
HPRegen 1.18/turn                l - +4 ring of protection
MPRegen 0.19/turn                e - ring of positive energy

@: flying, studying Maces & Flails
A: sickness immunity, AC +12, big wings, negative energy resistance 1,
electricity resistance, torment resistance 1, petrification resistance,
iridescent scales 1, regeneration 1
a: Renounce Religion, Heroism, Finesse, Duel


You were on level 13 of the Dungeon.
You worshipped Okawaru.
Okawaru was extremely pleased with you.
You visited 4 branches of the dungeon, and saw 22 of its levels.
You visited the Abyss 1 time.
You also visited: Ossuary and Ice Cave.

You collected 2681 gold pieces.
You spent 1136 gold pieces at shops.

Inventory:

Hand Weapons
 B - a +2 morningstar of electrocution (weapon)
 I - a +0 eveningstar
Missiles
 A - a throwing net
 F - 8 curare-tipped darts (quivered)
Armour
 a - a +0 pair of boots (worn)
 c - a +1 hat (worn)
 h - a +3 tower shield
 x - a scarf of resistance (worn)
 C - the +7 kite shield of the Durable Slorg (worn) {rF+}
   (Okawaru gifted it to you on level 5 of the Lair of Beasts)

   rF:        It protects you from fire.
 H - +1 gold dragon scales (worn)
 K - the +0 pair of gloves of the Eight Boll Weevils (worn) {rF+ Will+ MP+9 Stlth+}
   (Okawaru gifted it to you on level 5 of the Abyss)

   rF:        It protects you from fire.
   MP:        It affects your magic capacity (+9).
   Will:      It increases your willpower.
   Stlth:     It makes you more stealthy.
Jewellery
 e - a ring of positive energy (right hand)
 f - the ring of Coloat {+Blink rElec rC- MP+9 Stlth+}
   (You found it on level 11 of the Dungeon)

   [ring of magical power]

   rC:        It makes you vulnerable to cold.
   rElec:     It insulates you from electricity.
   MP:        It affects your magic capacity (+9).
   +Blink:    It lets you blink.
   Stlth:     It makes you more stealthy.
 l - a +4 ring of protection (left hand)
 y - an amulet of the acrobat (around neck)
 G - a ring of see invisible
Wands
 i - a wand of roots (26)
 o - a wand of digging (13)
 r - a wand of light (11)
 J - a wand of flame (8)
Scrolls
 k - 5 scrolls of poison
 n - 3 scrolls of fog
 s - 4 scrolls of teleportation
 u - 3 scrolls of blinking
 v - 5 scrolls of fear
 D - 3 scrolls of magic mapping
Potions
 b - 3 potions of heal wounds
 d - 2 potions of might
 g - a potion of invisibility
 j - 3 potions of haste
 m - 4 potions of resistance
 p - 2 potions of berserk rage
 q - 2 potions of curing
 t - 4 potions of brilliance
 w - 2 potions of cancellation
 z - a potion of magic
Miscellaneous
 M - a piece from Xom's chessboard (15/15)


   Skills:
 + Level 16.2 Fighting
 + Level 14.8 Maces & Flails
 + Level 16.2 Armour
 + Level 16.2 Shields


You had 15 spell levels left.
You didn't know any spells.
Your spell library contained the following spells:

 Spells                   Type           Power      Damage    Failure   Level
 Lesser Beckoning         Tloc           0%         N/A       100%        2
 Poisonous Vapours        Pois/Air       0%         N/A       100%        2
 Dazzling Flash           Conj/Hex       0%         N/A       100%        3
 Gell's Gravitas          Tloc           0%         N/A       100%        3
 Inner Flame              Hex/Fire       0%         N/A       100%        3
 Mephitic Cloud           Conj/Pois/Air  0%         N/A       100%        3
 Ozocubu's Armour         Ice            0%         N/A       100%        3
 Teleport Other           Tloc           0%         N/A       100%        3
 Anguish                  Hex/Necr       0%         N/A       100%        4
 Flame Wave               Conj/Fire      0%         2d4       100%        4
 Sticky Flame             Conj/Fire      0%         2d3       100%        4
 Agony                    Necr           0%         N/A       100%        5
 Metabolic Englaciation   Hex/Ice        0%         N/A       100%        5
 Silence                  Hex/Air        0%         N/A       100%        5
 Conjure Ball Lightning   Conj/Air       0%         3x3d6     100%        6
 Enfeeble                 Hex            0%         N/A       100%        7
 Ozocubu's Refrigeration  Ice            0%         4d7       100%        7
 Discord                  Hex            0%         N/A       100%        8
 Disjunction              Tloc           0%         N/A       100%        8
 Cigotuvi's Dreadful Rot  Necr/Pois/Air  Unusable   N/A       N/A         2
 Simulacrum               Ice/Necr       Unusable   N/A       N/A         6

Dungeon Overview and Level Annotations

Branches:
Dungeon (14/15)            Temple (1/1) D:7            Lair (5/5) D:8
 Shoals (0/4) Lair:2        Snake (0/4) Lair:2        Slime (0/5) Lair:4
    Orc (2/2) D:11            Elf (0/3) Orc:2        Vaults (0/5) D:13
Ossuary (visited)           IceCv (visited)

Altars:
Ashenzari
Dithmenos
Elyvilon
Gozag
Kikubaaqudgha
Makhleb
Nemelex Xobeh
Okawaru
Qazlal
Ru
Trog
Uskayaw
Vehumet
Xom
Yredelemnul
Zin
The Shining One
Lugonu

Shops:
D:7 *   D:8 *   D:9 *   D:11 [   D:13 (   Orc:2 [***

Portals:
Abyss: Lair:5

Annotations:
D:4 3 runed translucent doors, SpyderV's ghost, amateur MiFi
D:10 exclusion: ice statue


Innate Abilities, Weirdness & Mutations

You are immune to sickness and miasma.
Your stone body is resilient. (AC +12)
You are immune to poison.
Your large and strong wings let you fly.
You resist negative energy. (rN+)
You are resistant to electric shocks. (rElec)
You are resistant to unholy torment.
You are immune to petrification.
You are partially covered in iridescent scales. (AC +2)
Your natural rate of healing is unusually fast.


Message History

The manticore is lightly wounded.
You block something's attack. The manticore bites you.
You block the manticore's attack.
The manticore claws you but does no damage.
Two slime creatures merge to form a large slime creature.
Two slime creatures merge to form an enormous slime creature.
Something hits you but does no damage.
You barely miss the manticore.
The manticore is lightly wounded.
You block the manticore's attack.
The manticore claws you but does no damage.
You block the manticore's attack. Something hits you but does no damage.
A large slime creature splits.
You hit the manticore but do no damage.
The manticore is lightly wounded.
You block the manticore's attack. The manticore claws you.
The manticore barely misses you. You block something's attack.
You stick the manticore like a pincushion!!!
The manticore is severely wounded.
The enormous slime creature hits you!!!
Ouch! That really hurt!
* * * LOW HITPOINT WARNING * * *
Two slime creatures merge to form a titanic slime creature.
You block the manticore's attack.
The manticore claws you but does no damage.
You block the manticore's attack.
The boulder beetle curls into a ball and begins rolling!
Something hits you but does no damage.
You are too injured to fight recklessly!
You are too injured to fight recklessly!
The manticore bites you but does no damage.
You block the manticore's attack. x2
Things that are here:
a +0 longbow; a centaur corpse The boulder beetle misses you.
The boulder beetle stops rolling and uncurls.
You hit the boulder beetle but do no damage.
The boulder beetle is almost dead.
The titanic slime creature hits you!!!
You die...

......######........#.########'''
#.###.....##....<...#.#.[...#....
#.# #####)######.##.#.#(....')...
#.# #####.######.##.#.#..⌠..').⌠.
..# #..........#.##.#.#.....'....
.## #......)...#.##.#.#.....#....
## #..........H>J....##'''######
# ############J#......)........ #
#@##..###..?###.#.
#B#.....#...[...#.
#°........()(...#.
###...........).....
##............((....#
#..#................#
#..#.....#########..#
##.#.....#⌠..∩..⌠#..#
#.......#..≈≈≈..#..#


You could see a boulder beetle, a titanic slime creature (summoned), a slime
creature (summoned) and a manticore (summoned).

Vanquished Creatures
  Gastronok (Lair:3)
  A revenant (Abyss:3)
  A balrug (Abyss:2)
  2 very ugly things
  2 blizzard demons (Abyss:5)
  A crystal guardian (Abyss:5)
  Snorg (Orc:1)
  3 hydras
  An ice dragon (IceCv)
  4 ogre magi (Orc:2)
  17 two-headed ogres
  2 vault guards (D:13)
  A catoblepas (Lair:3)
  A rakshasa (Abyss:5)
  5 death yaks (Lair:4)
  2 boulder beetles
  3 centaur warriors (D:13)
  A tengu warrior (D:13)
  A hell hog (D:13)
  5 thrashing horrors
  Sonja (Lair:3)
  A sixfirhy (Abyss:5)
  Pikel (D:7)
  A wizard (D:12)
  4 large abominations
  An ugly thing (D:13)
  4 orc knights
  A mana viper (shapeshifter) (Lair:5)
  2 necromancers (D:13)
  An orc sorcerer (Orc:2)
  A cyclops (Orc:1)
  13 elephants
  7 black mambas
  3 smoke demons
  2 gargoyles (D:13)
  2 ice statues (IceCv)
  16 cane toads
  3 torpor snails
  7 rime drakes
  3 unseen horrors
  6 komodo dragons
  3 kobold demonologists
  4 ancient zymes
  7 trolls
  A hellwing (Abyss:2)
  27 blink frogs
  6 raiju (Abyss:5)
  10 dream sheep
  A spriggan (Lair:5)
  3 shadows
  3 ynoxinuls
  4 wraiths
  A hog (shapeshifter) (Lair:5)
  2 chaos spawn (Lair:5)
  6 starcursed masses (Abyss:2)
  77 yaks
  19 humans (D:13)
  2 neqoxecs (Abyss:2)
  3 vampire mosquitoes (D:11)
  5 basilisks
  4 wargs
  2 nagas (Lair:2)
  Menkaure (D:4)
  12 water moccasins
  3 acid dragons
  Duvessa (D:4)
  A sky beast (D:8)
  A black bear (D:6)
  24 orc warriors
  2 ice beasts
  27 wolves
  32 ogres
  7 centaurs
  A boggart (D:13)
  3 lemures
  2 phantoms (D:5)
  15 small abominations
  5 kobold brigands
  11 bullfrogs
  A two-headed ogre simulacrum (Orc:1)
  An elf zombie (Ossuary)
  4 scorpions
  A cane toad simulacrum (Orc:1)
  Dowan (D:4)
  11 wights
  7 killer bees
  2 lindwurm simulacra (IceCv)
  2 electric eels (D:6)
  6 howler monkeys
  4 crimson imps (D:7)
  A centaur zombie (Ossuary)
  5 komodo dragon simulacra (IceCv)
  4 hounds
  3 jellies
  A gnoll bouda (D:7)
  2 human zombies (Ossuary)
  11 orc priests
  A sleepcap (D:5)
  An iron imp (D:7)
  5 iguanas
  22 orc wizards
  A spriggan simulacrum (Orc:1)
  A polar bear simulacrum (Orc:1)
  2 troll simulacra (Orc:1)
  3 mummies (Ossuary)
  7 gnolls
  2 naga simulacra (Orc:1)
  6 acid dragon simulacra (IceCv)
  8 adders
  A shadow imp (D:5)
  2 white imps
  An ufetubus (Abyss:2)
  8 steam dragon simulacra (IceCv)
  4 adder zombies (Ossuary)
  2 worms (D:2)
  A dart slug (D:1)
  78 orcs
  6 bats
  9 endoplasms
  A giant cockroach (D:3)
  3 gnoll zombies (Ossuary)
  3 goblins
  4 hobgoblins
  A jackal (D:2)
  4 quokkas (D:2)
  7 ball pythons
  2 frilled lizards (D:2)
  2 goblin skeletons (D:7)
  4 goblin zombies (Ossuary)
  7 hobgoblin zombies
  6 jackal zombies (Ossuary)
  27 kobolds
  2 kobold skeletons (D:7)
  3 kobold zombies
  4 orc zombies
  A quokka zombie (Ossuary)
  5 rats
  5 rat zombies (Ossuary)
802 creatures vanquished.

Vanquished Creatures (others)
  A boggart (D:13)
  A bush (Lair:1)
  19 fungi
  64 plants
  5 starspawn tentacles (Abyss:5)
90 creatures vanquished.

Grand Total: 892 creatures vanquished

Notes
Turn   | Place    | Note
-------+----------+-------------------------------------------
     0 | D:1      | Dittersdorf the Gargoyle Fighter began the quest for the
                  | Orb.
     0 | D:1      | Reached XP level 1. HP: 14/14 MP: 1/1
   146 | D:1      | Reached XP level 2. HP: 19/19 MP: 2/2
   634 | D:1      | Reached XP level 3. HP: 20/23 MP: 3/3
  1061 | D:2      | Reached XP level 4. HP: 28/29 MP: 4/4
  1706 | D:3      | Reached XP level 5. HP: 33/33 MP: 5/5
  2062 | D:3      | Found a faded altar of an unknown god.
  2377 | D:4      | Found a sand-covered staircase.
  2392 | Ossuary  | Entered an ossuary
  2547 | Ossuary  | Reached XP level 6. HP: 39/39 MP: 6/6
  2834 | D:4      | Found a runed translucent gate.
  2834 | D:4      | Found a runed translucent gate.
  2834 | D:4      | Found a runed translucent gate.
  2835 | D:4      | Found an opulent altar of Gozag.
  2837 | D:4      | Noticed SpyderV's ghost (amateur MiFi)
  2868 | D:4      | Reached skill level 5 in Fighting
  2868 | D:4      | Reached skill level 5 in Shields
  2895 | D:4      | Reached skill level 5 in Armour
  2895 | D:4      | Reached XP level 7. HP: 40/44 MP: 7/7
  2985 | D:4      | Noticed Menkaure
  2991 | D:4      | Killed Menkaure
  3105 | D:4      | Noticed Duvessa
  3109 | D:4      | Noticed Dowan
  3123 | D:4      | Killed Duvessa
  3152 | D:4      | Killed Dowan
  3454 | D:5      | Entered Level 5 of the Dungeon
  3517 | D:4      | Reached XP level 8. HP: 45/51 MP: 8/8
  3752 | D:5      | Reached skill level 5 in Maces & Flails
  4166 | D:5      | Noticed a two-headed ogre
  4166 | D:5      | Noticed a shadow
  4205 | D:4      | Killed a shadow
  4322 | D:4      | Killed a two-headed ogre
  4323 | D:4      | Reached XP level 9. HP: 12/57 MP: 9/9
  5761 | D:7      | Reached XP level 10. HP: 45/64 MP: 10/10
  6053 | D:7      | Noticed Pikel
  6073 | D:7      | Killed Pikel
  6274 | D:7      | Found a glowing golden altar of the Shining One.
  6343 | D:7      | Found a staircase to the Ecumenical Temple.
  6351 | Temple   | Entered the Ecumenical Temple
  6458 | Temple   | Became a worshipper of Warmaster Okawaru
  6533 | D:7      | Found Woingop's General Store.
  6581 | D:7      | Found a shimmering altar of Xom.
  7413 | D:8      | You fall into a shaft and drop 1 floor!
  7629 | D:8      | Identified the +2 buckler "Wirphim" {rElec Str+3 Int+2}
  7661 | D:8      | Found Muakkyxt's Assorted Antiques.
  7725 | D:8      | Reached * piety under Okawaru
  7936 | D:8      | Bought a potion of heal wounds for 145 gold pieces
  7936 | D:8      | Bought a potion of heal wounds for 145 gold pieces
  8170 | D:8      | Found a staircase to the Lair.
  8610 | D:9      | Found Wulonei's Lightly-Used Armoury.
  8743 | D:9      | Reached ** piety under Okawaru
  8972 | D:9      | Reached XP level 11. HP: 68/72 MP: 11/11
  9707 | D:10     | Entered Level 10 of the Dungeon
  9731 | D:10     | Reached skill level 10 in Fighting
  9731 | D:10     | Reached skill level 10 in Shields
  9985 | D:10     | Reached skill level 10 in Armour
 10131 | D:10     | Noticed a two-headed ogre
 10151 | D:10     | Killed a two-headed ogre
 10151 | D:10     | Reached *** piety under Okawaru
 11329 | Lair:1   | Entered Level 1 of the Lair of Beasts
 11720 | Lair:1   | Reached **** piety under Okawaru
 12032 | Lair:1   | Reached XP level 12. HP: 63/80 MP: 12/12
 12528 | Lair:2   | You fall into a shaft and drop 1 floor!
 12538 | Lair:3   | Reached skill level 10 in Maces & Flails
 12574 | Lair:3   | HP: 4/80 [cane toad (10)]
 12575 | Lair:3   | HP: 1/80 [wolf (3)]
 12882 | Lair:3   | Reached ***** piety under Okawaru
 13257 | Lair:2   | Noticed a catoblepas
 13270 | Lair:3   | Killed a catoblepas
 13904 | Lair:2   | Found a staircase to the Snake Pit.
 14232 | Lair:2   | Found a staircase to the Shoals.
 14967 | Lair:2   | Reached XP level 13. HP: 27/86 MP: 13/13
 15254 | Lair:3   | Reached ****** piety under Okawaru
 15362 | Lair:3   | Received a gift from Okawaru
 15967 | Lair:3   | Noticed Gastronok
 16005 | Lair:3   | Killed Gastronok
 16096 | Lair:3   | Noticed Sonja
 16110 | Lair:3   | Killed Sonja
 16276 | Lair:3   | Identified the +9 great sword "Nelyv" {drain, rCorr Int+3}
                  | (Okawaru gifted it to you on level 3 of the Lair of Beasts)
 16276 | Lair:3   | Received a gift from Okawaru
 17536 | Lair:4   | Found a staircase to the Slime Pits.
 17776 | Lair:5   | Entered Level 5 of the Lair of Beasts
 17802 | Lair:5   | Received a gift from Okawaru
 18004 | Lair:4   | Gained mutation: Your large and strong wings let you fly.
                  | [Gargoyle growth]
 18004 | Lair:4   | Reached XP level 14. HP: 58/94 MP: 14/14
 18190 | Lair:5   | Identified the +7 great mace "Iseptis" {protect, Int+2}
                  | (Okawaru gifted it to you on level 5 of the Lair of Beasts)
 18190 | Lair:5   | Received a gift from Okawaru
 19000 | Lair:5   | Identified the +7 kite shield of the Durable Slorg {rF+}
                  | (Okawaru gifted it to you on level 5 of the Lair of Beasts)
 19000 | Lair:5   | Received a gift from Okawaru
 19266 | Lair:5   | Found a corrupted altar of Lugonu.
 19266 | Lair:5   | Found a one-way gate to the infinite horrors of the Abyss.
 20329 | D:9      | Bought -3 gold dragon scales for 845 gold pieces
 20329 | D:9      | Bought a -3 eveningstar for 1 gold piece
 20902 | D:11     | Identified the ring of Coloat {+Blink rElec rC- MP+9
                  | Stlth+}
 21012 | D:11     | Identified the +1 ring mail "Cep Buus" {rF+ Slay+3}
 21394 | D:11     | Found a staircase to the Orcish Mines.
 21416 | D:11     | Found Yxyowio's Armour Shop.
 21773 | Orc:1    | Entered Level 1 of the Orcish Mines
 21826 | Orc:1    | Reached XP level 15. HP: 99/101 MP: 15/15
 21899 | Orc:2    | Entered Level 2 of the Orcish Mines
 21964 | Orc:2    | Found a staircase to the Elven Halls.
 22004 | Orc:2    | Received a gift from Okawaru
 22247 | Orc:1    | Found a frozen archway.
 22282 | IceCv    | Entered an ice cave
 22674 | IceCv    | Reached skill level 15 in Fighting
 23064 | IceCv    | Identified the +1 robe of Okawaru's Castigation {rN+}
                  | (Okawaru gifted it to you in an ice cave)
 23064 | IceCv    | Received a gift from Okawaru
 23097 | IceCv    | Identified the amulet of Zeiqit {RegenMP Str+3}
 23349 | Orc:1    | Reached skill level 15 in Shields
 23392 | Orc:1    | Noticed Snorg
 23407 | Orc:1    | Killed Snorg
 23408 | Orc:1    | Reached skill level 15 in Armour
 23719 | Orc:2    | Found Mycuasut's Armour Emporium.
 23719 | Orc:2    | Found Toxoil's Assorted Antiques.
 23751 | Orc:2    | Paralysed by something for 2 turns
 23774 | Orc:2    | Paralysed by something for 3 turns
 23846 | Orc:2    | HP: 5/103 [two-headed ogre/+0 giant club (6)]
 23856 | Orc:2    | Paralysed by something for 5 turns
 23899 | Orc:2    | HP: 5/103 [two-headed ogre/+0 giant club (21)]
 23900 | Orc:2    | HP: 2/103 [two-headed ogre/+0 giant club (3)]
 24196 | Orc:2    | Found Nerais's Assorted Antiques.
 24196 | Orc:2    | Found Justrippu's Assorted Antiques.
 25244 | D:13     | Found Woawk's Antique Weapon Boutique.
 25299 | D:13     | Received a gift from Okawaru
 25624 | D:13     | Reached XP level 16. HP: 99/110 MP: 16/16
 25639 | Abyss:2  | Cast into level 2 of the Abyss (a wizard)
 25769 | Abyss:2  | Gained mutation: Your body sometimes deteriorates upon
                  | taking damage. [a neqoxec]
 25793 | Abyss:3  | Lost mutation: Your body sometimes deteriorates upon taking
                  | damage. [potion of mutation]
 25793 | Abyss:3  | Gained mutation: You are partially covered in iridescent
                  | scales. (AC +2) [potion of mutation]
 25793 | Abyss:3  | Gained mutation: Your natural rate of healing is unusually
                  | fast. [potion of mutation]
 25812 | Abyss:3  | Noticed a revenant
 25820 | Abyss:3  | Killed a revenant
 25857 | Abyss:5  | Found a corrupted altar of Lugonu.
 25945 | Abyss:5  | Identified the +0 pair of gloves of the Eight Boll Weevils
                  | {rF+ Will+ MP+9 Stlth+} (Okawaru gifted it to you on level
                  | 5 of the Abyss)
 25945 | Abyss:5  | Received a gift from Okawaru
 26098 | Abyss:5  | Noticed a tentacled starspawn
 26135 | D:13     | Escaped the Abyss
 26408 | D:13     | Found a gate to the Vaults.
 26437 | D:13     | Identified a scroll of acquirement
 26437 | D:13     | Acquired a manual of Maces & Flails
 26638 | D:13     | Annihilated by a titanic slime creature

Illustrated notes

Levels and vault maps discovered:
D:1:      lightli_arrival_boilingwater, layout_loops_cross,
          serial_bayou_crossing
D:2:      layout_basic, minmay_tall_x
D:3:      layout_loops_ring, dreamdust_ecumenical_altar_hidden_monk_grotto,
          kennysheep_generic_room_10
D:4:      layout_cave_pools, ebering_ghost_gozag, enter_ossuary_3,
          small_statue_intersection, kennysheep_cross_bottleneck,
          minmay_misc_feat_more_columns, st_stairs_7, uniq_menkaure,
          uniq_duvessa
D:5:      layout_loops_ring, minmay_divided_ellipse
D:6:      layout_loops_ring, nicolae_concentric_dashed_squares_wild,
          serial_bayou_ford_a
D:7:      layout_loops_corners, led_xom_imps, nicolae_tso_besieged_by_evil,
          minmay_temple_entry_junction, serial_shops, nicolae_lakefront_shop,
          nicolae_eternal_life, hex_medium, lemuel_flame_loot_1, uniq_pikel
D:8:      layout_gridville, erik_lair_orcish_takeover, serial_shops,
          nicolae_shop_temple_entry_statues_fountains
D:9:      layout_basic, minmay_shop_damaged, minivault_11
D:10:     cheibrodos_frozen_isle, layout_loops_corners
D:11:     layout_cave_pods, orc_0_dummy, serial_shops, shop, hex_tiny,
          st_stairs_8
D:12:     layout_long_grid
D:13:     layout_rooms, grunt_vaults_entry_tiered, serial_shops,
          nicolae_lakefront_shop
D:14:     layout_cave_pools, vehumet_crystals
Temple:   nicolae_temple_slightly_damp_pantheon
Lair:1:   layout_roguey, nicolae_lair_grazing_beasts
          [nicolae_sub_lair_graze_edge, nicolae_sub_lair_graze_edge,
          nicolae_sub_lair_graze_edge, nicolae_sub_lair_graze_edge]
Lair:2:   layout_long_grid, minmay_shoals_entry_centaurs,
          guppyfry_snake_entry_garden, hangedman_lair_unloving_vines
Lair:3:   layout_hall_layers, beast_lair_carwin_2, grunt_megastairs_1,
          uniq_sonja, uniq_gastronok
Lair:4:   layout_regular_city, dpeg_slime_entry_enclosed, serial_bayou_shore_b
Lair:5:   hellmonk_lair_end_abyssal_woods, layout_cave_pods, grunt_megastairs_2,
          serial_bayou_shore_b
Orc:1:    nicolae_orc_accident_2, layout_diamond_mine,
          portal_ice_cave_entry_ice_simulacra, uniq_snorg
Orc:2:    st_orc_ogre_mass, layout_diamond_mine, lemuel_statue_altar

Skill      XL: |  1  2  3  4  5  6  7  8  9 10 11 12 13 14 15 16 |
---------------+-------------------------------------------------+-----
Fighting       | 4 5 7 8 9 11 12 13 14 15 16 | 16.2
Shields        | 4 5 7 8 9 10 12 13 14 15 16 | 16.2
Armour         | 4 5 7 8 9 10 12 13 14 15 16 | 16.2
Maces & Flails | 3 4 6 7 8 9 11 12 13 14 | 14.8

Action                     |  1- 3 |  4- 6 |  7- 9 | 10-12 | 13-15 | 16-18 || total
---------------------------+-------+-------+-------+-------+-------+-------++-------
  Melee: Flail             |    99 |   291 |    65 |       |       |       ||   455
         Morningstar       |       |       |   235 |  1021 |  1759 |   293 ||  3308
  Throw: Dart              |       |       |       |     1 |     5 |       ||     6
 Invoke: Heroism           |       |       |       |     6 |    12 |     3 ||    21
    Use: Scroll            |       |     8 |     7 |     5 |    12 |     6 ||    38
         Potion            |       |       |     3 |     3 |     8 |     1 ||    15
   Stab: Sleeping          |       |       |       |     5 |       |       ||     5
 Armour: Scale mail        |    68 |    21 |       |       |       |       ||    89
         Chain mail        |       |   257 |   130 |   365 |       |       ||   752
         Shadow dragon sca |       |       |       |   523 |   714 |       ||  1237
         Gold dragon scale |       |       |       |       |   556 |   243 ||   799
         Ice dragon scales |       |       |       |       |     2 |       ||     2
  Dodge: Dodged            |    60 |    70 |    32 |   276 |   422 |   108 ||   968
  Block: Buckler           |    25 |       |       |       |       |       ||    25
         Tower shield      |    20 |   298 |   241 |  1404 |   908 |       ||  2871
         Kite shield       |       |       |       |       |  1065 |   367 ||  1432

Table legend: (Time is in decaauts)
 A = Elapsed time spent in this place.
 B = Non-inter-level travel time spent in this place.
 C = Inter-level travel time spent in this place.
 D = Time resting spent in this place.
 E = Time spent auto-exploring this place.
 F = Levels seen in this place.
 G = Mean time per level.
                   A        B        C        D        E       F      G
               +--------+--------+--------+--------+--------+-----+--------+
         Total |  27440 |  26461 |    979 |   3900 |  14846 |  28 |  980.0 |
       Dungeon |  14459 |  13776 |    683 |   1334 |   9053 |  14 | 1032.8 |
        Temple |    121 |    108 |     13 |      0 |     86 |   1 |  121.0 |
          Lair |   9248 |   9045 |    203 |   1645 |   4856 |   5 | 1849.6 |
  Orcish Mines |   1635 |   1556 |     79 |    255 |    511 |   2 |  817.5 |
         Abyss |    464 |    464 |      0 |     43 |      0 |   4 |  116.0 |
       Ossuary |    493 |    493 |      0 |      0 |    193 |   1 |  493.0 |
      Ice Cave |   1018 |   1018 |      0 |    623 |    146 |   1 | 1018.0 |
               +--------+--------+--------+--------+--------+-----+--------+

Top non-repeatable levels by time:
  Lair:3: 2625 daAuts
  Lair:5: 1849 daAuts
  Lair:2: 1723 daAuts
    D:10: 1661 daAuts
  Lair:4: 1647 daAuts
     D:9: 1497 daAuts
  Lair:1: 1401 daAuts
     D:7: 1364 daAuts
     D:8: 1288 daAuts
    D:11: 1205 daAuts
     D:5: 1173 daAuts
     D:4: 1160 daAuts
     D:6: 1047 daAuts
   IceCv: 1018 daAuts
   Orc:2: 984 daAuts
